 Dungeon Crawl Stone Soup version 0.24.0-13-gcf9b319 (webtiles) character file.

Game seed: 9020287101791512893, levelgen mode: deterministic

65 Fortress the Conjurer (level 3, 0/26 HPs)
             Began as a Draconian Conjurer on Jan 22, 2020.
             Slain by an orc
             ... wielding a +0 club
              (4 damage)
             ... on level 2 of the Dungeon.
             The game lasted 00:03:50 (1435 turns).

Fortress the Conjurer (Draconian Conjurer)          Turns: 1435, Time: 00:03:50

Health: 0/26       AC:  5    Str: 10    XL:     3   Next: 92%
Magic:  0/6        EV: 12    Int: 16    God:
Gold:   56         SH:  0    Dex: 11    Spells: 6/7 levels left

rFire    . . .     SeeInvis .   d - +0 dagger
rCold    . . .     Gourm    .   (no shield)
rNeg     . . .     Faith    .   (armour unavailable)
rPois    .         Spirit   .   (helmet restricted)
rElec    .         Reflect  .   (no cloak)
rCorr    .         Harm     .   (no gloves)
MR       .....                  (no boots)
Stlth    ++........             (no amulet)
HPRegen  0.08/turn              (no ring)
MPRegen  0.10/turn              (no ring)

@: no status effects
A: unfitting armour, cold-blooded, AC +5
a: no special abilities


You were on level 2 of the Dungeon.
You were hungry.

You visited 1 branch of the dungeon, and saw 2 of its levels.

You collected 56 gold pieces.

Inventory:

Hand Weapons
 d - a +0 dagger (weapon)
Scrolls
 c - 2 scrolls of teleportation {unknown}
 e - a scroll of fear {unknown}
 f - 2 scrolls of identify {unknown}
Potions
 a - 2 potions of heal wounds {unknown}
Comestibles
 b - 2 rations


   Skills:
 + Level 2.1 Dodging
 - Level 2.0 Stealth
 - Level 1.0 Unarmed Combat
 + Level 2.5 Spellcasting
 + Level 4.8 Conjurations


You had 6 spell levels left.
You knew the following spells:

 Your Spells              Type           Power        Failure   Level  Hunger
a - Magic Dart            Conj           ###.         2%          1    #......

Your spell library contained the following spells:

 Spells                   Type           Power        Failure   Level  Hunger
 Searing Ray              Conj           ###...       4%          2    ##.....
 Dazzling Spray           Conj/Hex       #.....       22%         3    ###....
 Iskenderun's Mystic Bla  Conj           ###.....     26%         4    #####..
 Force Lance              Conj/Tloc      #.......     58%         4    #####..
 Fulminant Prism          Conj/Hex       #.........   58%         4    #####..


Dungeon Overview and Level Annotations

Branches:
Dungeon (2/15)

Altars:


Innate Abilities, Weirdness & Mutations

Your plain brown scales are hard. (AC +5)
You cannot fit into any form of body armour.
You are cold-blooded and may be slowed by cold attacks.


Message History

Press: ? - help, Shift-Dir - straight line, f - orc
Aim: an orc, wielding a +0 club and wearing a cursed +0 leather armour The magic dart hits the orc but does no damage.
A hobgoblin comes into view. It is wielding a +0 club.
The orc closely misses you.
The hobgoblin shouts!
You hit the orc.
The orc is heavily wounded.
You hit the orc.
The orc is severely wounded.
The orc hits you with a +0 club.
* * * LOW HITPOINT WARNING * * *
You barely miss the orc.
The orc is severely wounded.
The orc hits you with a +0 club.
* * * LOW HITPOINT WARNING * * *
You hit the orc.
The orc is almost dead.
The orc hits you with a +0 club.
You die...

. #.........#
......##.........#
...........>......#
....... #.....(.<.#
.)..... #.........#
.†....g #.........#
......##.........#
#..#)..........#
#..o@#.......<.#
#(.(.#.###.#####
#....#.# #.#
#....#.# ..#
#...##.#..## #...
#.#.# +... #>#.
#... #.# #..


You could see an orc and a hobgoblin.

Vanquished Creatures
  An orc wizard (D:2)
  A dart slug (D:1)
  2 leopard geckos (D:1)
  An orc (D:2)
  A ball python (D:1)
  3 bats (D:1)
  A giant cockroach (D:1)
  A goblin (D:1)
  5 hobgoblins (D:1)
  4 frilled lizards (D:1)
  6 kobolds (D:1)
  6 rats
32 creatures vanquished.

Notes
Turn   | Place    | Note
-------+----------+-------------------------------------------
     0 | D:1      | Fortress the Draconian Conjurer began the quest for the
                  | Orb.
     0 | D:1      | Reached XP level 1. HP: 14/14 MP: 3/3
   449 | D:1      | Reached XP level 2. HP: 11/20 MP: 0/5
   894 | D:1      | Reached skill level 1 in Unarmed Combat
  1060 | D:1      | Reached XP level 3. HP: 22/26 MP: 1/6
  1435 | D:2      | Slain by an orc

Levels and vault maps discovered:
D:1:      eino_arrival_water_cross, layout_loops_ring
D:2:      layout_rooms, kennysheep_path_1, minmay_pentomino_s4

Skill      XL: |  1  2  3 |
---------------+----------+-----
Unarmed Combat | 1 |  1.0
Stealth        | 2 |  2.0
Dodging        | 2 |  2.1
Spellcasting   | |  2.5
Conjurations   | |  4.8

Action                   || total
-------------------------++-------
Melee: Unarmed           ||    49
       Tailslap          ||     5
       Dagger            ||    29
 Cast: Magic Dart        ||    57
  Eat: Chunk             ||     2
Armor: Skin              ||    28
Dodge: Dodged            ||    48
